 Dungeon Crawl Stone Soup version 0.31-a0-986-g5e6e4ef867 (webtiles) character file.

Game seed: 9549528148181448948

42254 pokeman the Eclecticist (level 13, -12/73 HPs)
             Began as a Deep Elf Hedge Wizard on Nov 4, 2023.
             Was an Elder of Vehumet.
             Mangled by Rupert
             ... wielding a +1 battleaxe of electrocution
              (16 damage)
             ... on level 15 of the Dungeon on Nov 5, 2023.
             The game lasted 01:01:12 (18973 turns).

pokeman the Eclecticist (Deep Elf Hedge Wizard)    Turns: 18973, Time: 01:01:12

Health: -12/73     AC: 11    Str:  9    XL:     13   Next: 84%
Magic:  1/39       EV: 11    Int: 31    God:    Vehumet [****..]
Gold:   861        SH:  0    Dex: 16    Spells: 28/52 levels left

rFire   . . .        F - +7 shortbow of Bellicose Defence {heavy, rN++}
rCold   + . .        (shield currently unavailable)
rNeg    + + .        D - +2 ring mail {rPois}
rPois   +            g - +0 helmet
rElec   .            a - +0 cloak
rCorr   .            (no gloves)
SInv    .            A - +0 pair of boots
Will    +....        y - amulet of magic regeneration
Stlth   ++           l - ring of the Clam {Fly rC+ Str+2 Dex+2}
HPRegen 0.32/turn    G - +6 ring of intelligence
MPRegen 0.66/turn

%: no passive effects
@: flying, studying Shields
A: no striking features
a: Renounce Religion


You were on level 15 of the Dungeon.
You worshipped Vehumet.
Vehumet was greatly pleased with you.
You visited 2 branches of the dungeon, and saw 16 of its levels.
You also visited: Ossuary and Bailey.

You collected 1029 gold pieces.
You spent 168 gold pieces at shops.

Inventory:

Hand Weapons
 F - the +7 shortbow of Bellicose Defence (weapon) {heavy, rN++}
   (You found it on level 5 of the Dungeon)

   rN++:      It greatly protects you from negative energy.
Missiles
 L - 13 curare-tipped darts
 T - 2 throwing nets
Armour
 a - a +0 cloak (worn)
 g - a +0 helmet (worn)
 n - +0 fire dragon scales
 q - a +2 buckler
 A - a +0 pair of boots (worn)
 D - a +2 ring mail of poison resistance (worn)
 X - a +1 robe of cold resistance
Magical Staves
 C - a staff of conjuration
 Y - a staff of cold
Jewellery
 l - the ring of the Clam (left hand) {Fly rC+ Str+2 Dex+2}
   (You found it on level 2 of the Dungeon)

   [ring of flight]

   Str+2:     It affects your strength (+2).
   Dex+2:     It affects your dexterity (+2).
   rC+:       It protects you from cold.
   Fly:       It grants you flight.
 m - a ring of flight
 y - an amulet of magic regeneration (around neck)
 G - a +6 ring of intelligence (right hand)
Wands
 i - a wand of charming (8)
 z - a wand of digging (1)
Scrolls
 b - 2 scrolls of revelation
 k - a scroll of enchant weapon
 p - 2 scrolls of blinking
 t - 6 scrolls of teleportation
 K - 2 scrolls of poison
 N - 6 scrolls of fear
 S - 3 scrolls of noise
Potions
 c - a potion of brilliance {unknown}
 d - a potion of magic
 e - 12 potions of curing
 f - 2 potions of cancellation {unknown}
 h - 4 potions of haste
 j - 2 potions of lignification
 o - a potion of mutation
 Z - 3 potions of heal wounds
Miscellaneous
 J - a phantom mirror
 M - a sack of spiders
 O - a lightning rod (4/4)


   Skills:
 + Level 5.5 Fighting
 - Level 5.0 Armour
 - Level 3.0 Dodging
 - Level 3.0 Stealth
 - Level 6.0 Shields
 * Level 20.2 Spellcasting
 + Level 12.3 Conjurations
 - Level 1.1 Summonings
 - Level 1.1 Translocations
 + Level 8.9 Fire Magic
 - Level 2.0 Ice Magic
 - Level 1.1 Air Magic
 - Level 4.0 Earth Magic
 - Level 1.0 Poison Magic
 - Level 2.0 Evocations


You had 28 spell levels left.
You knew the following spells:

 Your Spells              Type           Power      Damage    Failure   Level
a - Magic Dart            Conj           100%       1d8       0%          1
b - Mephitic Cloud        Conj/Pois/Air  57%        N/A       1%          3
c - Call Imp              Summ           76%        N/A       2%          2
d - Blink                 Tloc           76%        N/A       2%          2
e - Foxfire               Conj/Fire      100%       2x1d9     1%          1
f - Iskenderun's Mystic   Conj/Tloc      64%        2d13      1%          4
g - Bombard               Conj/Erth      35%        9d6       4%          6
h - Lee's Rapid Deconstr  Erth           27%        3d14*     4%          5

Your spell library contained the following spells:

 Spells                   Type           Power      Damage    Failure   Level
 Apportation              Tloc           76%        N/A       1%          1
 Freeze                   Ice            100%       1d10      1%          1
 Sandblast                Erth           100%       2d20      1%          1
 Summon Small Mammal      Summ           100%       N/A       1%          1
 Passwall                 Tmut/Erth      35%        N/A       1%          2
 Searing Ray              Conj           100%       2d8       1%          2
 Static Discharge         Conj/Air       100%       3-8/arc   1%          2
 Frozen Ramparts          Ice            88%        1d14      1%          3
 Hailstorm                Conj/Ice       66%        3d14      1%          3
 Stone Arrow              Conj/Erth      100%       3d13      1%          3
 Volatile Blastmotes      Fire/Tloc      100%       2d18      1%          3
 Brom's Barrelling Bould  Conj/Erth      70%        2d8       1%          4
 Fulminant Prism          Conj/Hex       31%        3d15      1%          4
 Ensorcelled Hibernation  Hex/Ice        74%        N/A       2%          2
 Lesser Beckoning         Tloc           76%        N/A       2%          2
 Necrotise                Necr           100%       1d9       3%          1
 Slow                     Hex            100%       N/A       3%          1
 Cigotuvi's Dreadful Rot  Necr/Pois/Air  72%        N/A       3%          2
 Jinxbite                 Hex            62%        N/A       4%          2
 Sublimation of Blood     Necr           31%        N/A       4%          2
 Wereblood                Tmut           31%        N/A       4%          2
 Airstrike                Air            19%        2d(3-19)  4%          4
 Gell's Gravitas          Tloc           38%        N/A       5%          3
 Swiftness                Air            38%        N/A       5%          3
 Teleport Other           Tloc           38%        N/A       5%          3
 Vampiric Draining        Necr           31%        2d8       9%          3
 Leda's Liquefaction      Hex/Erth       21%        N/A       12%         4
 Summon Lightning Spire   Summ/Air       38%        N/A       19%         4
 Anguish                  Hex/Necr       15%        N/A       28%         4
 Agony                    Necr           31%        N/A       63%         5
 Summon Hydra             Summ           19%        N/A       100%        7


Dungeon Overview and Level Annotations

Branches:
Dungeon (15/15)            Temple (1/1) D:5            Lair (0/5) D:10
    Orc (0/2) D:9          Vaults (0/5) D:13        Ossuary (visited)
 Bailey (visited)
 Depths: D:15

Altars:
Ashenzari
Cheibriados
Dithmenos
Elyvilon
Fedhas
Gozag
Hepliaklqana
Kikubaaqudgha
Makhleb
Nemelex Xobeh
Okawaru
Qazlal
Ru
Sif Muna
Trog
Uskayaw
Vehumet
Wu Jian
Xom
Yredelemnul
Zin
The Shining One

Shops:
D:3 ?   D:14 !

Annotations:
D:15 Rupert


Message History

Aiming: Lee's Rapid Deconstruction (dangerous; 4% risk of failure)
Press: ? - help, Dir - move target A rock wall.
The wall shatters!
The blast of rock fragments hits Rupert.
Rupert is severely wounded.
The blast of rock fragments hits the white ugly thing!!
You kill the white ugly thing!
Vehumet accepts your kill.
Rupert is engulfed in noxious fumes.
Rupert rages.
Unknown command.
Unknown command.
Casting: Lee's Rapid Deconstruction (dangerous; 4% risk of failure)
Confirm with . or Enter, or press ? or * to list all spells.
Aiming: Bombard (dangerous; 4% risk of failure)
Press: ? - help, Shift-Dir - straight line, f - Rupert
Aim: Rupert, wielding a +1 battleaxe of electrocution and wearing a +0 leather armour (severely wounded, berserk, confused, 91% to hit)
The iron shot hits Rupert!!!
Rupert is almost dead.
Rupert is engulfed in noxious fumes.
Okay, then.
Unknown command.
Unknown command.
Rupert rages.
Casting: Bombard (dangerous; 4% risk of failure)
Confirm with . or Enter, or press ? or * to list all spells.
Aiming: Lee's Rapid Deconstruction (dangerous; 4% risk of failure)
Press: ? - help, Dir - move target, p - Rupert A stone wall.
The wall shatters!
The blast of rock fragments hits Rupert!
Rupert is almost dead.
Rupert seems less confused.
Rupert hits you with a +1 battleaxe of electrocution!
Rupert hits you with a +1 battleaxe of electrocution!!
* * * LOW HITPOINT WARNING * * *
You are electrocuted!
You die...
Rupert roars with triumph.

..#.....###....#.....#
..##'#### ###'##.....#
.....# ##.......# .....#
#.......# .....# ##.......#
..#### #........# ###
##...###.# ###.#8###
#.'@[.)## #.#@#8..## ##
#.#.##...## ####.
##.#☼°##.†8#
#....######..#☼..#.<.#
.##......##....#..##..8#####
...............#†##...##...#
##......##....#.#8..##....#
#####'###....#....##.....#


You could see Rupert (berserk).

Vanquished Creatures
  Josephine (D:15)
  Fannar (D:10)
  A vault guard (D:13)
  3 centaur warriors
  3 two-headed ogres
  Harold (D:9)
  A catoblepas (D:13)
  A dancing weapon (D:13)
  A boulder beetle (D:13)
  2 tengu warriors (D:15)
  3 skeletal warriors (D:13)
  An arcanist (D:10)
  A deep elf pyromancer (D:14)
  Pikel (D:5)
  2 orc knights
  29 ugly things
  5 cyclopes
  2 manticores
  4 kobold demonologists
  A komodo dragon (D:11)
  A hornet (D:5)
  A troll (D:10)
  A queen bee (shapeshifter) (D:15)
  Sigmund (D:5)
  5 slime creatures (D:14)
  2 vampires
  2 wyverns
  14 yaks
  Grum (D:9)
  6 wraiths
  4 basilisks
  A human (D:10)
  6 vampire mosquitoes
  A steam dragon (D:8)
  Edmund (D:5)
  An acid dragon (D:11)
  A water moccasin (D:7)
  2 sky beasts
  An ice beast (D:4)
  2 black bears
  8 orc warriors
  2 boggarts (D:7)
  An ogre (D:4)
  4 wolves (D:9)
  12 centaurs
  A phantom (D:4)
  A lemure (Temple)
  3 bullfrogs
  12 kobold brigands
  A gnoll sergeant (D:9)
  12 scorpions
  7 wights
  12 killer bees
  3 howler monkeys
  A centaur zombie (Ossuary)
  A crimson imp (D:10)
  A human zombie (Ossuary)
  2 hounds (D:6)
  4 orc priests
  2 sleepcaps (D:6)
  6 iguanas
  4 scorpion zombies (Ossuary)
  8 orc wizards
  3 mummies (Ossuary)
  10 gnolls
  9 adders
  A white imp (D:6)
  2 worms (D:2)
  4 dart slugs
  32 orcs
  2 bats
  14 endoplasms
  4 giant cockroaches
  2 gnoll zombies (Ossuary)
  8 goblins
  3 hobgoblins
  31 kobolds
  4 quokkas
  7 ball pythons
  2 frilled lizards
  3 goblin zombies (Ossuary)
  3 hobgoblin zombies (Ossuary)
  4 kobold zombies
  An orc zombie (Ossuary)
  5 rats
380 creatures vanquished.

Vanquished Creatures (collateral kills)
  Joseph (D:8)
  2 scorpions (Ossuary)
  A sleepcap (D:5)
  5 scorpion zombies (Ossuary)
  2 goblin zombies (Ossuary)
11 creatures vanquished.

Vanquished Creatures (others)
  A scorpion (Ossuary)
  131 foxfires
132 creatures vanquished.

Grand Total: 523 creatures vanquished

Notes
Turn   | Place    | Note
-------+----------+-------------------------------------------
     0 | D:1      | pokeman the Deep Elf Hedge Wizard began the quest for the
                  | Orb.
     0 | D:1      | Reached XP level 1. HP: 10/10 MP: 7/7
   277 | D:1      | Reached XP level 2. HP: 15/15 MP: 5/9
   769 | D:1      | Reached skill level 5 in Spellcasting
   898 | D:1      | Reached XP level 3. HP: 20/20 MP: 8/11
   902 | D:1      | Learned a level 3 spell: Mephitic Cloud
   905 | D:1      | Learned a level 2 spell: Call Imp
   908 | D:1      | Learned a level 2 spell: Blink
  1428 | D:2      | Reached skill level 1 in Fighting
  1429 | D:2      | Reached skill level 1 in Armour
  1698 | D:2      | Identified the ring of the Clam {Fly rC+ Str+2 Dex+2}
  1745 | D:2      | Reached XP level 4. HP: 25/25 MP: 7/13
  2152 | D:2      | Found a faded altar of an unknown god.
  2761 | D:3      | Found Xazxioc's Magic Scroll Shop.
  2854 | D:3      | Reached skill level 6 in Spellcasting
  2857 | D:3      | Reached XP level 5. HP: 25/29 MP: 5/15
  3230 | D:4      | Noticed a phantom
  3241 | D:3      | Reached skill level 1 in Poison Magic
  3309 | D:4      | Found a sand-covered staircase.
  3317 | Ossuary  | Entered an ossuary
  3363 | Ossuary  | Reached skill level 1 in Air Magic
  3363 | Ossuary  | Reached XP level 6. HP: 29/34 MP: 5/17
  3368 | Ossuary  | Reached skill level 1 in Shields
  3530 | Ossuary  | Reached skill level 7 in Spellcasting
  3652 | Ossuary  | Reached XP level 7. HP: 30/38 MP: 7/20
  3764 | Ossuary  | Reached skill level 8 in Spellcasting
  3950 | Ossuary  | Reached skill level 9 in Spellcasting
  4129 | Ossuary  | Reached XP level 8. HP: 43/43 MP: 12/23
  4277 | Ossuary  | Reached skill level 5 in Conjurations
  4623 | D:4      | Reached skill level 10 in Spellcasting
  5211 | D:5      | Entered Level 5 of the Dungeon
  5298 | D:5      | Noticed a hornet
  5324 | D:5      | Killed a hornet
  5325 | D:5      | Reached skill level 11 in Spellcasting
  5455 | D:5      | Noticed Edmund
  5479 | D:5      | Noticed Sigmund
  5592 | D:5      | Killed Edmund
  5593 | D:5      | Reached XP level 9. HP: 43/49 MP: 26/26
  5603 | D:5      | Found an ornate altar of the Wu Jian Council.
  5615 | D:5      | Killed Sigmund
  5776 | D:5      | Found a staircase to the Ecumenical Temple.
  5777 | D:5      | Noticed Pikel
  5793 | Temple   | Entered the Ecumenical Temple
  5835 | D:5      | Killed Pikel
  5836 | D:5      | Reached skill level 12 in Spellcasting
  5836 | D:5      | Reached skill level 1 in Evocations
  5983 | D:5      | Identified the +7 shortbow of Bellicose Defence {heavy,
                  | rN++}
  6302 | D:6      | Found an ancient bone altar of Kikubaaqudgha.
  6796 | D:6      | Found a radiant altar of Vehumet.
  6801 | D:6      | Became a worshipper of Vehumet
  7056 | D:7      | Reached skill level 13 in Spellcasting
  7276 | D:7      | Noticed a two-headed ogre
  7276 | D:7      | Noticed a two-headed ogre
  7289 | D:7      | HP: 2/50 [two-headed ogre/+0 giant club (22)]
  7303 | D:7      | Killed a two-headed ogre
  7304 | D:7      | Reached XP level 10. HP: 9/56 MP: 29/29
  7316 | D:7      | Killed a two-headed ogre
  7317 | D:7      | Reached skill level 14 in Spellcasting
  8150 | D:7      | Found a sparkling altar of Nemelex Xobeh.
  8485 | D:8      | Found a flagged portal.
  8567 | Bailey   | Entered a bailey
  8618 | Bailey   | Reached * piety under Vehumet
  8618 | Bailey   | Offered knowledge of Foxfire by Vehumet.
  8622 | Bailey   | Learned a level 1 spell: Foxfire
  8688 | Bailey   | Reached skill level 1 in Fire Magic
  8891 | Bailey   | Noticed an orc knight
  8912 | Bailey   | Reached skill level 15 in Spellcasting
  8951 | Bailey   | Killed an orc knight
  8987 | Bailey   | Found a bloodstained altar of Trog.
  9236 | D:8      | Noticed a two-headed ogre
  9243 | D:8      | Killed a two-headed ogre
  9244 | D:8      | Reached skill level 5 in Shields
  9244 | D:8      | Reached XP level 11. HP: 60/60 MP: 32/32
  9418 | D:8      | Noticed Joseph
  9459 | D:8      | Killed Joseph
  9767 | D:9      | Found a staircase to the Orcish Mines.
  9842 | D:9      | Offered knowledge of Poisonous Vapours by Vehumet.
  9846 | D:9      | Reached ** piety under Vehumet
 10114 | D:9      | Noticed Grum
 10133 | D:9      | Killed Grum
 10350 | D:9      | Noticed Harold
 10557 | D:9      | Noticed a brown ugly thing
 10578 | D:9      | Killed a brown ugly thing
 10579 | D:9      | Reached skill level 16 in Spellcasting
 10839 | D:9      | Offered knowledge of Volatile Blastmotes by Vehumet.
 11711 | D:9      | Killed Harold
 12014 | D:10     | Entered Level 10 of the Dungeon
 12020 | D:10     | Noticed Fannar
 12414 | D:10     | Found a shimmering altar of Xom.
 12519 | D:10     | Reached skill level 5 in Fire Magic
 12523 | D:10     | Reached skill level 10 in Conjurations
 12524 | D:10     | Found a staircase to the Lair.
 12567 | D:10     | Found a runed translucent door.
 12568 | D:10     | Found a basalt altar of Yredelemnul.
 12807 | D:10     | Noticed an arcanist
 12818 | D:10     | Killed an arcanist
 12917 | D:10     | Learned a level 4 spell: Iskenderun's Mystic Blast
 13059 | D:10     | Killed Fannar
 13060 | D:10     | Reached skill level 17 in Spellcasting
 13227 | D:11     | Reached *** piety under Vehumet
 13322 | D:11     | Reached XP level 12. HP: 48/64 MP: 35/35
 13417 | D:11     | Reached skill level 1 in Ice Magic
 13696 | D:11     | You are sucked into a shaft and drop 3 floors!
 14312 | D:14     | Reached skill level 5 in Armour
 14312 | D:14     | Reached skill level 18 in Spellcasting
 14386 | D:14     | Offered knowledge of Dazzling Flash by Vehumet.
 14552 | D:14     | Learned a level 5 spell: Lee's Rapid Deconstruction
 14559 | D:14     | Learned a level 6 spell: Bombard
 14571 | D:13     | Noticed a centaur warrior
 14707 | D:13     | Killed a centaur warrior
 14723 | D:13     | Noticed a boulder beetle
 14744 | D:13     | Reached skill level 1 in Earth Magic
 14813 | D:14     | Found Teusoxt's Distillery.
 14817 | D:14     | Bought a potion of curing for 42 gold pieces
 14817 | D:14     | Bought a potion of curing for 42 gold pieces
 14817 | D:14     | Bought a potion of curing for 42 gold pieces
 14817 | D:14     | Bought a potion of curing for 42 gold pieces
 14825 | D:14     | Found a radiant altar of Vehumet.
 16220 | D:12     | Reached XP level 13. HP: 63/70 MP: 37/37
 16532 | D:13     | Reached skill level 19 in Spellcasting
 16532 | D:13     | Reached **** piety under Vehumet
 16832 | D:13     | Found a gate to the Vaults.
 16987 | D:13     | Offered knowledge of Stone Arrow by Vehumet.
 18022 | D:15     | Entered Level 15 of the Dungeon
 18134 | D:15     | Reached skill level 5 in Fighting
 18272 | D:15     | Noticed Josephine
 18280 | D:15     | Killed Josephine
 18528 | D:15     | Reached skill level 20 in Spellcasting
 18937 | D:15     | Noticed Rupert
 18938 | D:15     | Paralysed by Rupert for 4 turns
 18973 | D:15     | Mangled by Rupert

Illustrated notes

Levels and vault maps discovered:
D:1:      minmay_arrival_hallway, layout_basic, kennysheep_flooded_box
D:2:      layout_rooms, dreamdust_ecumenical_altar_grove, nrook_mini_backslash,
          hangedman_abyss_or_decor_lesser_grid
D:3:      layout_basic, serial_shops, shop
D:4:      layout_cave_pods, enter_ossuary_2, eino_tiny_chamber
D:5:      layout_loops_ring, lemuel_round_altar, minmay_temple_entry_waves,
          kennysheep_potato, uniq_edmund, uniq_pikel, uniq_sigmund
D:6:      layout_rooms, mainiacjoe_overflow_six_doors_small,
          mainiacjoe_overflow_alcove_1
D:7:      layout_layer_cave, nemelex_spade_bored_becter,
          nicolae_phantomly_mirrored
D:8:      layout_cave_pools, enter_bailey_4, uniq_joseph
D:9:      layout_basic, orc_0_dummy, uniq_harold, uniq_grum
D:10:     layout_long_grid, dk_yredelemnul_ordeal, lemuel_doored_altar,
          david_lair_generic, lightli_wizard_tower, uniq_fannar
D:11:     layout_roguey, minivault_23
D:12:     layout_long_grid
D:13:     layout_long_grid, erik_vaults_1, hangedman_glass_teeth
D:14:     layout_basic, nicolae_vehumet_radiance, serial_shops, shop,
          nicolae_the_louvre
D:15:     gammafunk_enter_depths_forms, layout_gridville,
          hangedman_abyss_or_decor_clamps, grunt_ministairs_8, uniq_josephine,
          uniq_rupert
Temple:   nicolae_temple_superstar

Skill      XL: |  1  2  3  4  5  6  7  8  9 10 11 12 13 |
---------------+----------------------------------------+-----
Spellcasting   | 5 6 7 9 11 13 15 17 18 20 | 20.2
Fighting       | 1 2 3 4 5 |  5.5
Armour         | 1 2 3 4 5 |  5.0
Conjurations   | 2 3 4 6 7 9 10 11 12 | 12.3
Stealth        | 3 |  3.0
Dodging        | 3 |  3.0
Poison Magic   | 1 |  1.0
Air Magic      | 1 |  1.1
Shields        | 1 2 3 5 6 |  6.0
Evocations     | 2 |  2.0
Fire Magic     | 2 5 7 8 |  8.9
Ice Magic      | 2 |  2.0
Earth Magic    | 2 4 |  4.0
Summonings     | |  1.1
Translocations | |  1.1

Action                     |  1- 3 |  4- 6 |  7- 9 | 10-12 | 13-15 || total
---------------------------+-------+-------+-------+-------+-------++-------
  Melee: Dagger            |    20 |   132 |   255 |       |       ||   407
         Punch             |     1 |     6 |     3 |       |       ||    10
         Shortbow          |       |       |     1 |     1 |       ||     2
   Fire: Shortbow          |       |       |    88 |   372 |    27 ||   487
   Cast: Magic Dart        |    94 |    69 |   138 |    25 |     2 ||   328
         Mephitic Cloud    |     2 |     9 |    34 |    95 |    19 ||   159
         Call Imp          |       |     6 |    12 |     3 |     1 ||    22
         Blink             |       |       |     5 |    17 |     1 ||    23
         Foxfire           |       |       |       |    73 |       ||    73
         Iskenderun's Myst |       |       |       |    96 |    17 ||   113
         Lee's Rapid Decon |       |       |       |       |    46 ||    46
         Bombard           |       |       |       |       |    36 ||    36
  Evoke: Wand              |       |       |       |     6 |       ||     6
         Sack of spiders   |       |       |       |     1 |       ||     1
    Use: Scroll            |       |       |       |    21 |     2 ||    23
         Potion            |       |       |       |     1 |       ||     1
   Stab: Confused          |     1 |     4 |    17 |       |       ||    22
         Sleeping          |       |     1 |       |       |       ||     1
         Distracted        |       |       |     2 |       |       ||     2
 Armour: Robe              |    14 |    35 |    97 |    29 |       ||   175
         Steam dragon scal |       |       |       |    15 |       ||    15
         Ring mail         |       |       |       |   173 |    29 ||   202
  Dodge: Dodged            |    20 |    84 |   296 |   174 |     9 ||   583

Table legend: (Time is in decaauts)
 A = Elapsed time spent in this place.
 B = Non-inter-level travel time spent in this place.
 C = Inter-level travel time spent in this place.
 D = Time resting spent in this place.
 E = Time spent auto-exploring this place.
 F = Levels seen in this place.
 G = Mean time per level.
                   A        B        C        D        E       F      G
               +--------+--------+--------+--------+--------+-----+--------+
         Total |  19570 |  18396 |   1174 |   1682 |  12173 |  18 | 1087.2 |
       Dungeon |  17977 |  16807 |   1170 |   1383 |  11754 |  15 | 1198.5 |
        Temple |     59 |     56 |      3 |      0 |      0 |   1 |   59.0 |
       Ossuary |    993 |    993 |      0 |    125 |    319 |   1 |  993.0 |
        Bailey |    539 |    539 |      0 |    174 |    100 |   1 |  539.0 |
               +--------+--------+--------+--------+--------+-----+--------+

Top non-repeatable levels by time:
     D:9: 2390 daAuts
    D:14: 2038 daAuts
     D:1: 1586 daAuts
     D:7: 1528 daAuts
    D:10: 1176 daAuts
     D:8: 1096 daAuts
     D:5: 1069 daAuts
     D:4: 1010 daAuts
 Ossuary: 993 daAuts
    D:15: 971 daAuts
    D:11: 934 daAuts
    D:13: 921 daAuts
     D:3: 848 daAuts
    D:12: 827 daAuts
     D:6: 806 daAuts
